 Dungeon Crawl Stone Soup version 0.20.2-3-g29329e0561 (webtiles) character file.

5160 Alfie the Carver (level 10, -4/86 HPs)
             Began as a Minotaur Fighter on Dec 9, 2020.
             Slain by a ten-headed hydra (13 damage)
             ... on level 9 of the Dungeon.
             The game lasted 00:22:44 (6801 turns).

Alfie the Carver (Minotaur Fighter)                 Turns: 6801, Time: 00:22:45

Health: -4/86      AC: 18    Str: 25    XL:     10   Next: 33%
Magic:  18/18      EV: 11    Int:  1    God:
Gold:   597        SH: 12    Dex: 11    Spells: 6/9 levels left

rFire    . . .     SeeInvis .   a - +3 long sword (freeze)
rCold    . . .     Gourm    .   c - +0 shield
rNeg     . . .     Faith    .   b - +0 scale mail
rPois    +         Spirit   .   (helmet restricted)
rElec    .         Reflect  .   n - +2 cloak
rCorr    .         Harm     .   g - +0 pair of gloves
MR       .....                  k - +0 pair of boots
Stlth    ..........             (no amulet)
Regen    0.3/turn               v - +5 ring of protection
MPRegen  0.2/turn               A - ring "Yfuga" {+Fly rPois MR- MP+9 Int-4}

@: about to teleport
A: retaliatory headbutt, horns 2, molten scales 1, agile 1, deformed body, wild
magic 1, evolution 1
a: Evoke Flight


You were on level 9 of the Dungeon.
You were not hungry.

You visited 1 branch of the dungeon, and saw 9 of its levels.
You also visited: Sewer.

You collected 597 gold pieces.

Inventory:

Hand Weapons
 a - a +3 long sword of freezing (weapon)
Missiles
 e - 5 poisoned tomahawks
 y - 11 tomahawks (quivered)
Armour
 b - a +0 scale mail (worn)
 c - a +0 shield (worn)
 g - a +0 pair of gloves (worn)
 k - a +0 pair of boots (worn)
 n - a +2 cloak (worn)
Jewellery
 h - an uncursed amulet of magic regeneration
 m - an uncursed ring of protection from cold
 v - a +5 ring of protection (left hand)
 A - the ring "Yfuga" (right hand) {+Fly rPois MR- MP+9 Int-4}
   (You found it on level 8 of the Dungeon)

   [ring of magical power]

   It affects your intelligence (-4).
   It protects you from poison.
   It affects your resistance to hostile enchantments.
   It affects your magic capacity (+9).
   It lets you fly.
Wands
 l - a wand of disintegration (10/24)
 r - a wand of lightning (15/15)
 t - a wand of flame (26/48)
 x - a wand of flame (25/48)
 z - a wand of iceblast (10/15)
Scrolls
 i - 8 scrolls of identify
 p - 5 scrolls of remove curse
 q - a scroll of teleportation
 u - a scroll of fear
Potions
 d - 3 potions of might
 j - 4 potions of curing
 o - 2 potions of resistance
 s - a potion of brilliance
Books
 B - a book of Air

   Spells                             Type                      Level
   a - Shock                          Conjuration/Air              1
   b - Swiftness                      Charms/Air                   2
   c - Static Discharge               Conjuration/Air              3
   d - Airstrike                      Air                          4
   e - Lightning Bolt                 Conjuration/Air              5
Comestibles
 f - 2 bread rations
 w - a meat ration


   Skills:
 + Level 7.5 Fighting
 + Level 11.3 Long Blades
 + Level 1.4 Throwing
 + Level 7.7 Armour
 + Level 5.3 Dodging
 + Level 9.8 Shields


You had 6 spell levels left.
You knew the following spells:

 Your Spells              Type           Power        Failure   Level  Hunger
a - Sandblast             Erth           #.....       98%         1    ##.....
b - Animate Skeleton      Necr           N/A          98%         1    ##.....
c - Confusing Touch       Hex            #.....       98%         1    ##.....


Dungeon Overview and Level Annotations

Branches:
Dungeon (9/15)             Temple (0/1) D:4
   Lair: D:8-11         Orc: D:9-12

Altars:
Elyvilon
Kikubaaqudgha
Nemelex Xobeh
Okawaru
Qazlal

Annotations:
D:8 1 transporter


Innate Abilities, Weirdness & Mutations

You reflexively headbutt those who attack you in melee.
You have a pair of horns on your head.
You are partially covered in molten scales. (AC +2)
You are agile. (Dex +2)
Armour fits poorly on your strangely shaped body.
Your spells are a little harder to cast, but a little more powerful.
You evolve.


Message History

* * * LOW HITPOINT WARNING * * *
The ten-headed hydra bites you.
* * * LOW HITPOINT WARNING * * *
The ten-headed hydra barely misses you.
You block the ten-headed hydra's attack.
The ten-headed hydra closely misses you.
The ten-headed hydra bites you!
* * * LOW HITPOINT WARNING * * *
The ten-headed hydra bites you!
* * * LOW HITPOINT WARNING * * *
You feel better.
You block the ten-headed hydra's attack.
The ten-headed hydra bites you but does no damage. x3
The ten-headed hydra bites you.
* * * LOW HITPOINT WARNING * * *
You block the ten-headed hydra's attack.
The ten-headed hydra bites you but does no damage. x4
As you read the scroll of teleportation, it crumbles to dust.
You feel strangely unstable. The ten-headed hydra bites you!
You die...

####.......##
##...........##
#.............#
##..............
#......!........
#...............
#.##...............
#..................
##..(....(D@.......
#.................
#..##.....<.......
#.y ##............
.. ..#........... .
##..##>....#### ##.
....### ## ..###


You could see a ten-headed hydra.

Vanquished Creatures
  Psyche (D:8)
  A hornet (D:8)
  A hippogriff (D:8)
  2 sky beasts
  3 orc warriors
  An ice beast (D:8)
  4 ogres
  A necrophage (D:6)
  4 phantoms
  A centaur (D:7)
  2 bullfrogs
  10 scorpions
  10 killer bees (D:8)
  15 wights
  3 crimson imps
  A quasit (D:5)
  Crazy Yiuf (D:2)
  2 hounds
  A centaur skeleton (D:6)
  2 orc priests
  4 iguanas
  2 bullfrog skeletons
  Ijyb (D:3)
  8 orc wizards
  6 worker ants
  A hound zombie (D:8)
  2 worker ant zombies
  Robin (D:3)
  A howler monkey zombie (D:7)
  8 gnolls
  A howler monkey skeleton (D:5)
  12 adders
  4 river rats
  2 shadow imps
  An ooze (D:3)
  An adder skeleton (D:4)
  5 worms
  A dart slug (D:1)
  6 leopard geckos
  38 orcs
  A bat zombie (D:6)
  10 giant cockroaches
  17 goblins
  5 hobgoblins
  5 jackals
  11 kobolds
  3 quokkas
  4 ball pythons
  14 bats
  11 frilled lizards
  2 leopard gecko skeletons
  A quokka zombie (D:7)
  26 rats
  A fungus (D:2)
282 creatures vanquished.

Notes
Turn   | Place    | Note
-------+----------+-------------------------------------------
     0 | D:1      | Alfie the Minotaur Fighter began the quest for the Orb.
     0 | D:1      | Reached XP level 1. HP: 19/19 MP: 0/0
   322 | D:1      | Reached XP level 2. HP: 27/27 MP: 1/1
   729 | D:2      | Reached XP level 3. HP: 33/33 MP: 2/2
   865 | D:2      | Found a faded altar of an unknown god.
  1314 | D:2      | Found a runed door.
  1318 | D:2      | Noticed Crazy Yiuf
  1327 | D:2      | Killed Crazy Yiuf
  1327 | D:2      | Reached skill level 3 in Long Blades
  1327 | D:2      | Reached XP level 4. HP: 16/40 MP: 3/3
  1673 | D:3      | Noticed Robin
  1678 | D:3      | Reached XP level 5. HP: 43/46 MP: 4/4
  1690 | D:3      | Killed Robin
  1690 | D:3      | Reached skill level 4 in Long Blades
  1692 | D:3      | Reached skill level 5 in Shields
  1736 | D:3      | Noticed Ijyb
  1750 | D:3      | Killed Ijyb
  2076 | D:3      | Found a glowing drain.
  2084 | Sewer    | Entered a sewer
  2135 | Sewer    | Reached skill level 1 in Dodging
  2156 | Sewer    | Reached XP level 6. HP: 53/53 MP: 5/5
  2905 | D:4      | Reached skill level 5 in Long Blades
  2905 | D:4      | Reached skill level 5 in Armour
  2947 | D:4      | Found a white marble altar of Elyvilon.
  3026 | D:4      | Reached XP level 7. HP: 25/60 MP: 6/6
  3099 | D:4      | Reached skill level 5 in Fighting
  3109 | D:4      | Reached skill level 6 in Long Blades
  3288 | D:4      | Found a staircase to the Ecumenical Temple.
  3421 | D:5      | Entered Level 5 of the Dungeon
  3432 | D:5      | Gained mutation: You are agile. (Dex +2) [potion of mutation]
  3432 | D:5      | Gained mutation: You are partially covered in molten scales. (AC +2) [potion of mutation]
  3432 | D:5      | Gained mutation: Armour fits poorly on your strangely shaped body. [potion of mutation]
  3432 | D:5      | Gained mutation: You evolve. [potion of mutation]
  3700 | D:5      | Reached XP level 8. HP: 67/69 MP: 7/7
  3706 | D:5      | Reached skill level 7 in Long Blades
  4348 | D:6      | Found an ancient bone altar of Kikubaaqudgha.
  4479 | D:6      | Reached skill level 8 in Long Blades
  4819 | D:6      | Reached XP level 9. HP: 75/78 MP: 8/8
  4832 | D:6      | Learned a level 1 spell: Sandblast
  4837 | D:6      | Learned a level 1 spell: Animate Skeleton
  4979 | D:6      | Reached skill level 9 in Long Blades
  5454 | D:7      | Found a stormy altar of Qazlal.
  5625 | D:7      | Found an iron altar of Okawaru.
  5695 | D:7      | Reached skill level 10 in Long Blades
  5695 | D:7      | Reached skill level 1 in Throwing
  5755 | D:7      | Gained mutation: Your spells are a little harder to cast, but a little more powerful. [evolution]
  6038 | D:8      | Noticed Psyche
  6079 | D:8      | Killed Psyche
  6083 | D:8      | Reached XP level 10. HP: 36/86 MP: 9/9
  6084 | D:8      | Reached skill level 5 in Dodging
  6155 | D:8      | Found a transporter.
  6316 | D:8      | Found a transporter.
  6417 | D:8      | Found a sparkling altar of Nemelex Xobeh.
  6430 | D:8      | Got a translucent jade ring
  6464 | D:8      | Reached skill level 11 in Long Blades
  6621 | D:8      | Learned a level 1 spell: Confusing Touch
  6622 | D:8      | Identified the ring "Yfuga" {+Fly rPois MR- MP+9 Int-4} (You found it on level 8 of the Dungeon)
  6770 | D:9      | Noticed a five-headed hydra
  6799 | D:9      | HP: 3/86 [ten-headed hydra (7)]
  6801 | D:9      | Slain by a ten-headed hydra

Skill      XL: |  1  2  3  4  5  6  7  8  9 10 |
---------------+-------------------------------+-----
Armour         | 4 5 6 7 |  7.7
Shields        | 4 5 6 7 9 |  9.8
Fighting       | 4 5 6 7 |  7.5
Long Blades    | 3 4 5 6 8 10 11 | 11.3
Dodging        | 1 3 4 5 |  5.3
Throwing       | 1 |  1.4

Action                   |  1- 3 |  4- 6 |  7- 9 | 10-12 || total
-------------------------+-------+-------+-------+-------++-------
Melee: Long sword        |   101 |   245 |   361 |   118 ||   825
       Headbutt          |    21 |    35 |    74 |    22 ||   152
Throw: Tomahawk          |       |       |    14 |     2 ||    16
  Use: Scroll            |     4 |     9 |     7 |     6 ||    26
       Potion            |       |     2 |     5 |     1 ||     8
  Eat: Bread ration      |     1 |     1 |     2 |     1 ||     5
Armor: Scale mail        |    45 |   101 |   153 |    69 ||   368
Dodge: Dodged            |    23 |    87 |   128 |    52 ||   290
Block: Shield            |    59 |   122 |   207 |    84 ||   472
       Rpst.: Long sword |     5 |    31 |    33 |    14 ||    83
